 Dungeon Crawl Stone Soup version 0.19-b1-5-gdc9fa9d (webtiles) character file.

29012 Gorglomux the Bludgeoner (level 13, -4/90 HPs)
             Began as a Formicid Fighter on Oct 31, 2016.
             Was an Elder of Hepliaklqana.
             Hit by a stone thrown by a minotaur (19 damage)
             ... in a labyrinth.
             The game lasted 00:47:18 (15105 turns).

Gorglomux the Bludgeoner (Formicid Fighter)        Turns: 15105, Time: 00:47:19

Health: -4/90      AC: 14    Str: 27    XL:     13   Next: 77%
Magic:  16/16      EV: 10    Int:  7    God:    Hepliaklqana [****..]
Gold:   864        SH: 18    Dex: 10    Spells: 0 memorised, 12 levels left

rFire  + . .     SeeInvis +     J - +2 flail (holy)
rCold  + + .     Gourm    .     D - +4 scale mail "Eletustraad" {rC++}
rNeg   . . .     Faith    .     c - +0 shield
rPois  .         Spirit   .     (helmet unavailable)
rElec  .         Reflect  +     (no cloak)
rCorr  .         Harm     .     t - +0 pair of gloves
MR     +....                    (no boots)
Stlth  ..........               p - +5 amulet of reflection
                                (no ring)
                                n - ring of protection from fire

@: no status effects
A: permanent stasis, dig shafts and tunnels, four strong arms, reduced essence,
antennae 3
a: Dig, Shaft Self, Recall Ancestor, Ancestor Identity, Transference, Idealise,
Renounce Religion


You were in a labyrinth.
You worshipped Hepliaklqana.
Hepliaklqana was greatly pleased with you.
You were not hungry.

You visited 3 branches of the dungeon, and saw 17 of its levels.
You also visited: Labyrinth.

You collected 1124 gold pieces.
You spent 260 gold pieces at shops.

Inventory:

Hand Weapons
 a - a +0 flail
 J - a +2 flail of holy wrath (weapon)
Armour
 c - a +0 shield (worn)
 t - a +0 pair of gloves (worn)
 D - the +4 scale mail "Eletustraad" (worn) {rC++}
   (You bought it in a shop on level 7 of the Dungeon)

   It greatly protects you from cold.
Jewellery
 n - a ring of protection from fire (left hand)
 p - a +5 amulet of reflection (around neck)
Wands
 b - a wand of polymorph (7/24)
 q - a wand of paralysis (14/24)
 u - a wand of confusion (20/48)
 y - a wand of flame (26/48)
 B - a wand of flame (23/48)
 F - a wand of flame (24/48)
 P - a wand of acid (6/15)
 R - a wand of paralysis (7/24)
 U - a wand of iceblast (8/15)
 V - a wand of polymorph (8/24)
Scrolls
 d - a scroll of fog
 e - 4 scrolls of recharging
 i - 6 scrolls of enchant armour {unknown}
 j - 8 scrolls of teleportation
 m - 3 scrolls of blinking
 r - 4 scrolls of remove curse
 s - 2 scrolls of amnesia
 w - a scroll of immolation
 A - 3 scrolls of random uselessness
 G - 2 scrolls of torment
 I - 3 scrolls of fear
 N - a scroll of magic mapping
 O - a scroll of silence
Potions
 o - a potion of brilliance
 z - 2 potions of heal wounds
 E - 5 potions of curing
 H - 3 potions of haste
 L - a potion of invisibility
 M - a potion of agility
 Q - 4 potions of degeneration
 X - a potion of flight
Books
 h - Sif Muna's Collected Works on Cold
   (You found it on level 11 of the Dungeon)

   Spells                             Type                      Level
   a - Freeze                         Ice                          1
 x - a book of Callings

   Spells                             Type                      Level
   a - Summon Small Mammal            Summoning                    1
   b - Call Imp                       Summoning                    2
   c - Call Canine Familiar           Summoning                    3
   d - Summon Guardian Golem          Hexes/Summoning              3
   e - Summon Lightning Spire         Summoning/Air                4
   f - Summon Ice Beast               Ice/Summoning                4
 C - a book of Debilitation

   Spells                             Type                      Level
   a - Corona                         Hexes                        1
   b - Slow                           Hexes                        2
   c - Gell's Gravitas                Hexes/Translocation          3
   d - Inner Flame                    Hexes/Fire                   3
   e - Cause Fear                     Hexes                        4
   f - Leda's Liquefaction            Hexes/Earth                  4
 K - Koseset's Grimoire of Bewitchment
   (You found it on level 11 of the Dungeon)

   Spells                             Type                      Level
   a - Slow                           Hexes                        2
   b - Spectral Weapon                Hexes/Charms                 3
   c - Fulminant Prism                Conjuration/Hexes            4
   d - Cause Fear                     Hexes                        4
   e - Leda's Liquefaction            Hexes/Earth                  4
   f - Metabolic Englaciation         Hexes/Ice                    5
 S - a book of Dreams

   Spells                             Type                      Level
   a - Ensorcelled Hibernation        Hexes/Ice                    2
   b - Silence                        Hexes/Air                    5
   c - Darkness                       Hexes                        6
   d - Shadow Creatures               Summoning                    6
 T - a book of Frost

   Spells                             Type                      Level
   a - Freeze                         Ice                          1
   b - Throw Frost                    Conjuration/Ice              2
   c - Ozocubu's Armour               Charms/Ice                   3
   d - Throw Icicle                   Conjuration/Ice              4
   e - Summon Ice Beast               Ice/Summoning                4
Miscellaneous
 W - a phantom mirror
Comestibles
 f - 8 bread rations
 g - 6 beef jerkies
 l - 4 slices of pizza
 v - 9 meat rations


   Skills:
 + Level 9.1 Fighting
 - Level 15.0 Maces & Flails
 + Level 11.5 Armour
 + Level 1.4 Dodging
 - Level 11.3 Shields
 + Level 4.8 Evocations


You had 12 spell levels left.
You didn't know any spells.

Dungeon Overview and Level Annotations

Branches:
Dungeon (13/15)            Temple (1/1) D:4            Lair (3/6) D:9
  Swamp (0/4) Lair:3        Snake (0/4) Lair:2          Orc (0/2) D:12
 Vaults: D:13-14

Altars:
Ashenzari
Cheibriados
Dithmenos
Elyvilon
Fedhas
Gozag
Hepliaklqana
Kikubaaqudgha
Makhleb
Nemelex Xobeh
Okawaru
Qazlal
Ru
Sif Muna
Trog
Uskayaw
Vehumet
Xom
Yredelemnul
Zin
The Shining One

Shops:
D:5 *   D:7 [   D:11 [   D:12 (


Innate Abilities, Weirdness & Mutations

You are under a permanent stasis effect.
You can dig through walls and to a lower floor.
Your four strong arms can wield two-handed weapons with a shield.
You have a pair of large antennae on your head. (SInv)
Your life essence is reduced. (-10% HP)


Message History

You swap places.
You hear an odd grinding sound!
You see here a stone.
You see here a stone.
The minotaur bellows!
You swap places.
The minotaur zaps a rod.
The burst of metal fragments hits Gollum. x6
Gollum is heavily damaged.
You see here a stone.
You see here a stone.
Gollum casts a spell at the minotaur.
The puff of frost hits the minotaur.
You see here a stone.
Something hits Gollum!!
Something gores Gollum!
Gollum is destroyed!
The minotaur throws a stone.
The stone hits you!!
* * * LOW HITPOINT WARNING * * *
You see here a stone.
The minotaur throws a stone.
The stone hits you!!
You die...

.# . . .#
. . . .
####### #
.
#(H(H.#.#
#
#.###.#.
. #.# .#.
# # #.#
#.# #. #
# #(# #H#
# #@# .#
# ..#.##
##. .# #
#..... .#
. .#####
# . . . #
# .# ## .
# .


You could see a minotaur.

Vanquished Creatures
  Harold (D:12)
  A centaur warrior (D:13)
  An unseen horror (D:11)
  A wizard (D:11)
  3 hill giants
  2 deep elf magi (D:11)
  An ugly thing (D:9)
  Psyche (D:8)
  2 spiny frogs (Lair:2)
  A komodo dragon (Lair:2)
  A kobold demonologist (D:13)
  A two-headed ogre (D:9)
  A polar bear (Lair:3)
  A hornet (D:8)
  A harpy skeleton (D:13)
  Grinder (D:4)
  3 hippogriffs
  3 blink frogs (Lair:1)
  Sigmund (D:4)
  17 yaks
  A fire elemental (D:11)
  A hungry ghost (D:8)
  3 water moccasins
  Duvessa (D:4)
  7 porcupines
  2 sky beasts (D:11)
  2 black bears
  A necrophage (D:9)
  3 orc warriors
  A hornet zombie (D:10)
  7 ogres
  12 wolves
  2 phantoms
  An eye of draining (D:9)
  8 centaurs
  6 crocodiles
  4 big kobolds
  12 bullfrogs
  Dowan (D:4)
  A wyvern skeleton (D:13)
  2 scorpions
  6 killer bees
  An electric eel (Lair:1)
  A bullfrog zombie (D:5)
  A crimson imp (D:11)
  A jelly (D:13)
  A quasit (D:11)
  5 hounds
  A centaur skeleton (D:6)
  2 orc priests
  12 orc wizards
  3 bullfrog skeletons
  Natasha (twice) (D:4)
  3 iguanas (D:9)
  6 worker ants
  A hound zombie (D:10)
  A hound skeleton (D:6)
  8 gnolls
  13 adders
  A howler monkey skeleton (D:9)
  4 river rats (D:9)
  3 shadow imps
  An adder zombie (D:7)
  3 worms
  A dart slug (D:1)
  7 leopard geckos
  28 orcs
  A ball python (D:1)
  2 giant cockroaches (D:1)
  6 goblins
  7 hobgoblins
  31 jackals
  3 quokkas
  2 bats
  11 frilled lizards
  A jackal zombie (D:8)
  23 kobolds
  A leopard gecko skeleton (D:4)
  5 rats
331 creatures vanquished.

Vanquished Creatures (collateral kills)
  2 hydras (D:11)
  A catoblepas (D:13)
  A wizard (D:11)
  A hill giant (D:11)
  A deep elf mage (D:11)
  A manticore (D:11)
  A guardian serpent (Lair:2)
  2 spiny frogs
  A centaur skeleton (D:12)
  A komodo dragon (Lair:3)
  2 trolls (D:12)
  3 blink frogs (Lair:1)
  A hippogriff (D:12)
  A spriggan (Lair:3)
  5 yaks
  A basilisk (D:9)
  2 hungry ghosts (D:9)
  5 porcupines
  An orc warrior (D:13)
  A black bear (D:9)
  A phantom (D:9)
  2 sky beasts
  An ogre (D:11)
  13 wolves
  2 centaurs (D:12)
  A crocodile (Lair:1)
  A scorpion (D:10)
  4 killer bees
  An electric eel (Lair:1)
  2 hounds
  A crimson imp (D:10)
  A jelly (D:10)
  2 orc wizards
  3 iguanas (D:9)
  3 worker ants
  A hound zombie (D:9)
  An adder (D:11)
  A river rat (D:9)
  8 orcs
  A fungus (Lair:3)
  A plant (Lair:1)
85 creatures vanquished.

Vanquished Creatures (others)
  A hippogriff (D:11)
  2 yaks (D:11)
  6 battlemagi
  4 ancestors
  A kobold (D:11)
  A fungus (Lair:1)
  2 plants (D:9)
17 creatures vanquished.

Grand Total: 433 creatures vanquished

Notes
Turn   | Place    | Note
-------+----------+-------------------------------------------
     0 | D:1      | Gorglomux the Formicid Fighter began the quest for the Orb.
     0 | D:1      | Reached XP level 1. HP: 18/18 MP: 1/1
    33 | D:1      | Reached XP level 2. HP: 11/24 MP: 2/2
   382 | D:1      | Reached XP level 3. HP: 28/30 MP: 3/3
   392 | D:1      | Reached skill level 3 in Maces & Flails
  1010 | D:2      | Reached XP level 4. HP: 37/37 MP: 4/4
  1215 | D:2      | Found a white marble altar of Elyvilon.
  1338 | D:2      | Reached skill level 4 in Maces & Flails
  1701 | D:3      | Reached XP level 5. HP: 42/42 MP: 5/5
  2258 | D:4      | Noticed Duvessa
  2259 | D:4      | Noticed Dowan
  2259 | D:4      | Noticed Grinder
  2278 | D:4      | Killed Duvessa
  2278 | D:4      | Reached skill level 5 in Maces & Flails
  2278 | D:4      | Reached XP level 6. HP: 36/50 MP: 6/6
  2282 | D:4      | Killed Dowan
  2282 | D:4      | Reached skill level 5 in Fighting
  2284 | D:4      | Killed Grinder
  2284 | D:4      | Reached skill level 6 in Maces & Flails
  2284 | D:4      | Reached XP level 7. HP: 37/56 MP: 7/7
  2303 | D:4      | Found a staircase to the Ecumenical Temple.
  2320 | Temple   | Entered the Ecumenical Temple
  2661 | D:4      | Noticed Sigmund
  2671 | D:4      | Killed Sigmund
  2787 | D:4      | Noticed Natasha
  2799 | D:4      | Killed Natasha
  2799 | D:4      | Reached skill level 7 in Maces & Flails
  2811 | D:4      | Noticed Natasha
  2820 | D:4      | Killed Natasha
  2828 | D:5      | Entered Level 5 of the Dungeon
  2869 | D:5      | Reached XP level 8. HP: 59/64 MP: 8/8
  2926 | D:5      | Found Cuizag's General Store.
  3043 | D:5      | Bought a scroll of identify for 26 gold pieces
  3174 | D:5      | HP: 1/64 [ogre/giant club (9)]
  3890 | D:5      | Reached skill level 8 in Maces & Flails
  4676 | D:7      | Reached skill level 9 in Maces & Flails
  4676 | D:7      | Reached XP level 9. HP: 72/72 MP: 9/9
  4790 | D:7      | Found a glowing golden altar of the Shining One.
  4826 | D:7      | Found Sietunuf's Antique Armour Shoppe.
  4838 | D:7      | Bought an ancient scale mail for 234 gold pieces
  4848 | D:7      | Identified the +4 scale mail "Eletustraad" {rC++} (You bought it in a shop on level 7 of the Dungeon)
  5123 | D:8      | Noticed a hornet
  5135 | D:8      | Killed a hornet
  5135 | D:8      | Reached skill level 5 in Shields
  5141 | D:8      | Reached skill level 10 in Maces & Flails
  5578 | D:8      | Reached skill level 5 in Armour
  5669 | D:8      | Found an opulent altar of Gozag.
  5722 | D:8      | Noticed Psyche
  5744 | D:8      | HP: 2/108 [Psyche/dagger of distortion (24)]
  5755 | D:8      | Killed Psyche
  5755 | D:8      | Reached XP level 10. HP: 5/79 MP: 10/10
  6047 | D:8      | Found a hazy altar of Hepliaklqana.
  6050 | D:8      | Became a worshipper of Hepliaklqana the Forgotten
  6295 | D:9      | Noticed a purple ugly thing
  6312 | D:9      | Killed a purple ugly thing
  6312 | D:9      | Reached skill level 11 in Maces & Flails
  6369 | D:9      | HP: 3/71 [crocodile (11)]
  6850 | D:9      | Found a staircase to the Lair.
  6859 | Lair:1   | Entered Level 1 of the Lair of Beasts
  6941 | D:9      | Reached XP level 11. HP: 75/75 MP: 11/11
  7028 | D:9      | Reached skill level 12 in Maces & Flails
  7153 | D:9      | Found a basalt altar of Yredelemnul.
  7248 | D:10     | Entered Level 10 of the Dungeon
  7350 | D:10     | Noticed a hill giant
  7423 | D:10     | Killed a hill giant
  8049 | D:11     | Reached * piety under Hepliaklqana
  8054 | D:11     | Noticed a four-headed hydra
  8065 | D:11     | Killed a four-headed hydra
  8399 | D:11     | Found a deep blue altar of Sif Muna.
  8442 | D:11     | Identified Sif Muna's Collected Works on Cold
  8483 | D:11     | Noticed a five-headed hydra
  8498 | D:11     | Killed a five-headed hydra
  8498 | D:11     | Reached skill level 13 in Maces & Flails
  8828 | D:11     | Noticed an unseen horror
  8861 | D:11     | Killed an unseen horror
  8861 | D:11     | Reached XP level 12. HP: 53/80 MP: 12/12
  8877 | D:11     | Noticed a wizard
  8927 | D:11     | Killed a wizard
  9159 | D:11     | Noticed a wizard
  9262 | D:11     | Killed a wizard
  9262 | D:11     | Reached skill level 10 in Shields
  9531 | D:11     | Identified Koseset's Grimoire of Bewitchment
  9662 | D:11     | Reached skill level 14 in Maces & Flails
  9706 | D:11     | Found Deref's Antique Armour Boutique.
  9843 | D:12     | Found a staircase to the Orcish Mines.
  9891 | D:12     | Found Liuvutoh's Antique Weapon Boutique.
  9913 | D:12     | Reached ** piety under Hepliaklqana
  9914 | D:12     | Remembered your ancestor Gollum as a battlemage
 10567 | D:12     | Noticed Harold
 10578 | D:12     | Reached skill level 10 in Armour
 10592 | D:12     | Killed Harold
 11169 | D:13     | Noticed a catoblepas
 11176 | D:13     | Noticed a centaur warrior
 11658 | D:13     | Killed a catoblepas
 11663 | D:13     | HP: 2/81 [centaur warrior/arrow (12)]
 11668 | D:13     | Killed a centaur warrior
 11668 | D:13     | Reached XP level 13. HP: 24/88 MP: 13/13
 11961 | Lair:1   | Reached skill level 15 in Maces & Flails
 11994 | Lair:1   | Reached *** piety under Hepliaklqana
 12080 | Lair:1   | Reached skill level 1 in Evocations
 13681 | Lair:2   | Found a staircase to the Snake Pit.
 14059 | Lair:2   | Reached **** piety under Hepliaklqana
 14189 | Lair:3   | Reached skill level 1 in Dodging
 14215 | Lair:3   | Found a staircase to the Swamp.
 14445 | Lair:3   | Found a labyrinth entrance.
 14503 | Lab      | Entered a labyrinth
 15030 | Lab      | Noticed a minotaur
 15105 | Lab      | Hit by a stone thrown by a minotaur

Skill      XL: |  1  2  3  4  5  6  7  8  9 10 11 12 13 |
---------------+----------------------------------------+-----
Maces & Flails | 3 4 5 6 7 9 10 11 13 14 15 | 15.0
Fighting       | 4 5 7 9 |  9.1
Shields        | 6 7 9 10 11 | 11.3
Armour         | 5 7 9 10 11 | 11.5
Evocations     | 4 |  4.8
Dodging        | 1 |  1.4

Action                   |  1- 3 |  4- 6 |  7- 9 | 10-12 | 13-15 || total
-------------------------+-------+-------+-------+-------+-------++-------
Melee: Flail             |   123 |   160 |   371 |   739 |   313 ||  1706
Invok: Ancestor Identity |       |       |       |     1 |       ||     1
       Ancestor Life: Ba |       |       |       |     1 |       ||     1
       Recall Ancestor   |       |       |       |       |     1 ||     1
       Transference      |       |       |       |       |     1 ||     1
 Abil: Dig               |       |     1 |     9 |    28 |    11 ||    49
Evoke: Wand              |       |       |     7 |     2 |       ||     9
  Use: Potion            |       |     1 |     3 |     3 |       ||     7
       Scroll            |       |       |     2 |     1 |    17 ||    20
 Stab: Confused          |       |       |     1 |     1 |       ||     2
       Distracted        |       |       |       |     5 |     3 ||     8
       Petrified         |       |       |       |     5 |       ||     5
  Eat: Chunk             |     1 |     4 |    15 |    23 |     6 ||    49
       Bread ration      |       |       |       |     1 |     2 ||     3
Armor: Scale mail        |    55 |    50 |    82 |   129 |    65 ||   381
       Skin              |       |       |     1 |     2 |       ||     3
Dodge: Dodged            |    35 |    32 |    63 |   111 |    47 ||   288
Block: Shield            |    67 |   110 |   247 |   455 |   251 ||  1130
       Reflection        |       |     1 |     5 |    17 |     4 ||    27
